 Dungeon Crawl Stone Soup version 0.27-a0-1196-g3e9cee4cb2 (webtiles) character file.

Game seed: 12836601349942187170

40393 Froggeryz the Brawler (level 14, -6/126 HPs)
             Began as a Ghoul Delver on May 26, 2021.
             Was the Champion of Okawaru.
             Mangled by a meliai
             ... wielding a +0 hand axe
              (10 damage)
             ... on level 4 of the Lair of Beasts on May 27, 2021.
             The game lasted 00:20:48 (18007 turns).

Froggeryz the Brawler (Ghoul Delver)               Turns: 18007, Time: 00:20:48

Health: -6/126     AC: 27    Str: 21    XL:     14   Next: 10%
Magic:  0/19       EV:  6    Int:  9    God:    Okawaru [******]
Gold:   1756       SH:  0    Dex: 14    Spells: 13/13 levels left

rFire    . . .     SeeInvis +     - Unarmed
rCold    + . .     Faith    .   (no shield)
rNeg     + + +     Spirit   +   m - +1 crystal plate armour "Arimuag" {Dex+4}
rPois    ∞         Reflect  .   E - +2 helmet "Isiun" {Will+ Int+4}
rElec    .         Harm     .   (no cloak)
rCorr    +         Rampage  .   K - +2 pair of gloves {Stlth+}
Will     ++...                  (no boots)
Stlth    ..........             o - amulet of guardian spirit
HPRegen  0.00/turn              j - ring of resist corrosion
MPRegen  0.16/turn              B - ring of see invisible

@: studying Axes
A: claws 1, cold resistance 1, negative energy resistance 3, inhibited
regeneration, torment resistance 2
a: Renounce Religion, Heroism, Finesse


You were on level 4 of the Lair of Beasts.
You worshipped Okawaru.
Okawaru was exalted by your worship.
You visited 3 branches of the dungeon, and saw 16 of its levels.

You collected 1756 gold pieces.

Inventory:

Missiles
 e - 86 poisoned darts (quivered)
 w - 14 boomerangs of dispersal
 H - 7 atropa-tipped darts
 I - 14 javelins
 L - 2 curare-tipped darts
Armour
 m - the +1 crystal plate armour "Arimuag" (worn) {Dex+4}
   (You acquired it on level 5 of the Dungeon)

   It affects your dexterity (+4).
 E - the +2 helmet "Isiun" (worn) {Will+ Int+4}
   (You acquired it on level 3 of the Lair of Beasts)

   It affects your intelligence (+4).
   It increases your willpower.
 K - a +2 pair of gloves of stealth (worn)
Jewellery
 j - a ring of resist corrosion (left hand)
 o - an amulet of guardian spirit (around neck)
 q - a ring of ice
 t - a ring of fire
 B - a ring of see invisible (right hand)
Wands
 f - a wand of digging (7)
 u - a wand of flame (43)
 x - a wand of acid (3)
 y - a wand of iceblast (18)
 M - a wand of polymorph (8)
Scrolls
 b - 3 scrolls of fog
 c - 3 scrolls of magic mapping
 d - a scroll of brand weapon {unknown}
 i - a scroll of enchant weapon {unknown}
 k - 2 scrolls of enchant armour
 p - 5 scrolls of teleportation
 A - 3 scrolls of silence
 C - 4 scrolls of blinking
 F - 4 scrolls of vulnerability {unknown}
 G - 4 scrolls of identify
 O - a scroll of amnesia {unknown}
Potions
 a - 3 potions of lignification {unknown}
 g - 2 potions of attraction {unknown}
 h - 2 potions of haste
 l - 6 potions of curing
 n - 3 potions of cancellation {unknown}
 r - 3 potions of mutation {unknown}
 s - 3 potions of flight {unknown}
 v - a potion of brilliance {unknown}
 D - a potion of heal wounds {unknown}
 J - 2 potions of invisibility {unknown}
Miscellaneous
 N - a phantom mirror


   Skills:
 - Level 12.2 Fighting
 - Level 9.1 Armour
 + Level 7.0 Dodging
 - Level 5.4 Stealth
 - Level 16.7 Unarmed Combat
 + Level 8.0 Invocations


You had 13 spell levels left.
You didn't know any spells.
Your spell library contained the following spells:

 Spells                   Type           Power      Damage    Failure   Level
 Shock                    Conj/Air       0%         1d3       100%        1
 Sting                    Tmut/Pois      0%         1d3       100%        1
 Poisonous Vapours        Pois/Air       0%         N/A       100%        2
 Static Discharge         Conj/Air       0%         N/A       100%        2
 Conjure Flame            Conj/Fire      0%         6-21      100%        3
 Ignite Poison            Fire/Tmut/Pois 0%         N/A       100%        3
 Mephitic Cloud           Conj/Pois/Air  0%         N/A       100%        3
 Swiftness                Air            0%         N/A       100%        3
 Airstrike                Air            0%         N/A       100%        4
 Cause Fear               Hex            0%         N/A       100%        4
 Olgreb's Toxic Radiance  Pois           0%         N/A       100%        4
 Lightning Bolt           Conj/Air       0%         1d11      100%        5
 Silence                  Hex/Air        0%         N/A       100%        5
 Yara's Violent Unravell  Hex/Tmut       0%         3d3       100%        5
 Freezing Cloud           Conj/Ice/Air   0%         6-21      100%        6
 Discord                  Hex            0%         N/A       100%        8
 Beastly Appendage        Tmut           Unusable   N/A       N/A         1
 Wereblood                Tmut           Unusable   N/A       N/A         2
 Spider Form              Tmut/Pois      Unusable   N/A       N/A         3
 Ice Form                 Ice/Tmut       Unusable   N/A       N/A         4
 Hydra Form               Tmut           Unusable   N/A       N/A         5

Dungeon Overview and Level Annotations

Branches:
Dungeon (9/15)             Temple (1/1) D:6            Lair (6/6) D:9
  Swamp (0/4) Lair:3        Snake (0/4) Lair:4
  Slime: Lair:5-6       Orc: D:9-12

Altars:
Ashenzari
Cheibriados
Dithmenos
Elyvilon
Fedhas
Gozag
Hepliaklqana
Kikubaaqudgha
Makhleb
Nemelex Xobeh
Okawaru
Qazlal
Ru
Sif Muna
Uskayaw
Vehumet
Wu Jian
Xom
Yredelemnul
Zin
The Shining One

Annotations:
D:6 1 transporter, losten's ghost, novice DsGl


Innate Abilities, Weirdness & Mutations

You thrive by killing the living.
You are immune to poison.
You have sharp fingernails.
Your flesh is cold resistant. (rC+)
You are immune to negative energy. (rN+++)
You do not regenerate when monsters are visible.
You are immune to unholy pain and torment.


Message History

The mass of ice explodes!
The iceblast engulfs the spriggan.
The spriggan is lightly wounded.
The iceblast engulfs the spriggan!
The spriggan is heavily wounded.
The iceblast engulfs the meliai!
The meliai is moderately wounded.
The spriggan hits you but does no damage.
The spriggan barely misses you. The spriggan hits you with a +0 rapier.
* * * LOW HITPOINT WARNING * * *
Okay, then.
As you read the scroll of fear, it crumbles to dust.
You assume a fearsome visage.
The spriggan looks frightened!
The spriggan resists with almost no effort.
The spriggan looks frightened!
The meliai looks frightened!
The spriggan resists with some effort.
The elephant looks frightened!
The spriggan hits you but does no damage. x2
The spriggan hits you but does no damage.
The spriggan hits you but does no damage.
The spriggan hits you with a +0 hand axe.
* * * LOW HITPOINT WARNING * * *
The spriggan barely misses you.
The spriggan hits you with a +0 hand axe!
* * * LOW HITPOINT WARNING * * *
You hit the meliai.
Your attack snaps the meliai out of its fear.
The meliai is moderately wounded.
The meliai hits you but does no damage.
The meliai stings you but does no damage.
The spriggan hits you but does no damage.
You punch the meliai!
The meliai is almost dead.
The meliai invokes the aid of its god against you.
Something smites you!
* * * LOW HITPOINT WARNING * * *
The spriggan barely misses you. The meliai closely misses you.
The meliai stings you but does no damage.
You barely miss the meliai.
The meliai is almost dead.
The meliai hits you with a +0 hand axe!
You die...

.#......#.#..###.....###...#.....
##......###..# #......#######....
........####.# #.....######......
.........# #.###.....#P##..#.....
........P###+.#..................
...............).................
.........)...............♣♣♣♣##♣♣
.........<.......i.......##♣♣♣♣♣♣
..........<.....@i.......♣♣...♣≈≈
##P..............y...♣♣♣......≈≈≈
###.................♣♣.♣..♣..≈≈≈≈
###..........>.....♣..♣♣.♣♣.♣.≈≈#
.#P.............♣♣♣}♣♣♣♣.Y♣....##
##[.............♣♣♣♣♣.♣.♣...♣)##.
.................♣♣♣.......♣y.))Y
.##..............♣♣.♣♣...♣.♣♣≈##y
###.............♣♣♣.♣♣♣♣♣..♣.≈≈##


You could see 2 spriggans and a meliai.

Vanquished Creatures
  Nessos (Lair:4)
  Harold (Lair:2)
  5 hydras
  A two-headed ogre (D:8)
  Sonja (Lair:6)
  2 sea snakes (Lair:6)
  A harpy (Lair:6)
  2 cyclopes
  An oklob plant (Lair:1)
  6 elephants
  6 black mambas
  11 cane toads
  3 rime drakes
  12 komodo dragons
  A meliai (Lair:4)
  A hornet (Lair:6)
  4 polar bears
  5 blink frogs (Lair:1)
  A wraith (D:8)
  A shadow (D:9)
  Sigmund (D:5)
  A vampire (D:9)
  5 wyverns
  5 spriggans (Lair:4)
  3 basilisks
  37 yaks
  2 steam dragons
  Edmund (D:6)
  3 nagas (Lair:4)
  20 water moccasins
  A swamp drake (Lair:3)
  2 ice beasts
  3 orc warriors
  6 black bears
  A necrophage (D:7)
  3 ogres
  A centaur (D:7)
  12 wolves
  3 kobold brigands
  13 bullfrogs
  A gnoll sergeant (D:9)
  A scorpion (D:5)
  A wyvern skeleton (D:4)
  A water moccasin zombie (D:5)
  2 water moccasin skeletons
  52 killer bees
  8 wights
  2 jellies
  2 bullfrog zombies
  2 orc priests
  4 centaur zombies
  2 gnoll shamans
  5 hounds
  6 iguanas
  Natasha (thrice) (D:3)
  8 orc wizards
  A hound skeleton (D:5)
  18 gnolls
  14 adders
  2 shadow imps
  2 ufetubi
  2 worms
  3 dart slugs
  23 orcs
  3 ball pythons
  5 bats
  5 endoplasms
  2 giant cockroaches
  8 goblins
  5 hobgoblins
  16 jackals
  20 kobolds
  3 quokkas
  3 frilled lizards
  5 rats
429 creatures vanquished.

Vanquished Creatures (others)
  24 fungi
  71 plants
95 creatures vanquished.

Grand Total: 524 creatures vanquished

Notes
Turn   | Place    | Note
-------+----------+-------------------------------------------
     0 | D:5      | Froggeryz the Ghoul Delver began the quest for the Orb.
     0 | D:5      | Reached XP level 1. HP: 19/19 MP: 0/0
    53 | D:5      | Noticed a scorpion
    98 | D:4      | Noticed a wight
   110 | D:4      | Noticed a jelly
   127 | D:4      | Noticed an iguana
   306 | D:1      | Reached XP level 2. HP: 24/26 MP: 1/1
   307 | D:1      | Reached skill level 3 in Unarmed Combat
   601 | D:1      | Reached XP level 3. HP: 30/31 MP: 2/2
   883 | D:1      | Reached skill level 4 in Unarmed Combat
  1238 | D:2      | Reached XP level 4. HP: 38/38 MP: 3/3
  1252 | D:2      | Reached skill level 1 in Armour
  1280 | D:2      | Found a shimmering altar of Xom.
  1634 | D:3      | Reached skill level 5 in Unarmed Combat
  1637 | D:3      | Reached XP level 5. HP: 41/45 MP: 4/4
  2477 | D:3      | Noticed Natasha
  2487 | D:3      | Killed Natasha
  2488 | D:3      | Reached skill level 6 in Unarmed Combat
  2488 | D:3      | Reached XP level 6. HP: 29/51 MP: 5/5
  2635 | D:3      | Noticed Natasha
  2656 | D:3      | Killed Natasha
  2718 | D:3      | Noticed Natasha
  2726 | D:3      | Killed Natasha
  2883 | D:4      | Reached XP level 7. HP: 60/60 MP: 6/6
  2909 | D:4      | Reached skill level 7 in Unarmed Combat
  3128 | D:4      | Reached skill level 5 in Fighting
  3315 | D:4      | Reached skill level 8 in Unarmed Combat
  3457 | D:3      | Reached XP level 8. HP: 41/69 MP: 7/7
  3650 | D:5      | Noticed Sigmund
  3658 | D:5      | Killed Sigmund
  3659 | D:5      | Reached skill level 9 in Unarmed Combat
  4315 | D:5      | Identified 2 scrolls of acquirement
  4316 | D:5      | Acquired 801 gold pieces
  4320 | D:5      | Acquired the +1 crystal plate armour "Arimuag" {Dex+4}
  4350 | D:5      | Reached skill level 10 in Unarmed Combat
  4599 | D:5      | Reached XP level 9. HP: 49/78 MP: 5/8
  4665 | D:6      | Found a staircase to the Ecumenical Temple.
  4678 | Temple   | Entered the Ecumenical Temple
  5091 | D:6      | Noticed Edmund
  5104 | D:6      | Killed Edmund
  5158 | D:6      | Found a transporter.
  5160 | D:6      | Identified the +11 great mace of Hoghykis {venom, Contam
                  | rN++ Dex+2 Stlth+}
  5160 | D:6      | Noticed losten's ghost (novice DsGl)
  5686 | D:7      | Reached skill level 11 in Unarmed Combat
  5720 | D:7      | Found a broken altar of Ashenzari.
  6383 | D:7      | Found an iron altar of Okawaru.
  6395 | D:7      | Became a worshipper of Warmaster Okawaru
  6405 | D:7      | Found a shadowy altar of Dithmenos.
  6411 | D:7      | Found a hazy altar of Hepliaklqana.
  6842 | D:8      | Reached XP level 10. HP: 84/88 MP: 9/9
  7278 | D:8      | Reached skill level 12 in Unarmed Combat
  7443 | D:8      | Noticed a cyclops
  7673 | D:8      | Killed a cyclops
  7673 | D:8      | Reached * piety under Okawaru
  8034 | D:8      | Noticed a two-headed ogre
  8041 | D:8      | Killed a two-headed ogre
  8042 | D:8      | Reached skill level 5 in Armour
  8385 | D:9      | Reached ** piety under Okawaru
  8835 | D:9      | Reached skill level 13 in Unarmed Combat
  9035 | D:9      | Reached XP level 11. HP: 97/97 MP: 10/10
  9102 | D:9      | Reached *** piety under Okawaru
  9169 | D:9      | Found a staircase to the Lair.
  9200 | D:9      | Noticed a cyclops
  9210 | D:9      | Killed a cyclops
  9563 | Lair:1   | Entered Level 1 of the Lair of Beasts
  9565 | Lair:1   | Noticed an oklob plant
  9578 | D:9      | Reached skill level 10 in Fighting
  9796 | Lair:1   | Killed an oklob plant
  9797 | Lair:1   | Reached skill level 14 in Unarmed Combat
  9815 | D:9      | Reached **** piety under Okawaru
 10864 | Lair:1   | Reached ***** piety under Okawaru
 11293 | Lair:1   | Noticed a six-headed hydra
 11312 | Lair:1   | Killed a six-headed hydra
 11313 | Lair:1   | Reached XP level 12. HP: 51/108 MP: 5/11
 11328 | Lair:1   | Reached skill level 15 in Unarmed Combat
 11902 | Lair:2   | Identified the +0 hat of Negation {+Blink rF- Dex+5}
                  | (Okawaru gifted it to you on level 2 of the Lair of Beasts)
 11902 | Lair:2   | Received a gift from Okawaru
 12147 | Lair:2   | Noticed a four-headed hydra
 12156 | Lair:2   | Killed a four-headed hydra
 13190 | Lair:2   | Noticed Harold
 13206 | Lair:2   | Killed Harold
 13207 | Lair:2   | Reached skill level 16 in Unarmed Combat
 14401 | Lair:3   | Upgraded the game from 0.27-a0-1193-g8631133539 to
                  | 0.27-a0-1196-g3e9cee4cb2
 14406 | Lair:3   | Acquired the +2 helmet "Isiun" {Will+ Int+4}
 14446 | Lair:3   | Noticed a six-headed hydra
 14453 | Lair:3   | Killed a six-headed hydra
 14453 | Lair:3   | Received a gift from Okawaru
 14454 | Lair:3   | Reached XP level 13. HP: 102/118 MP: 10/12
 14666 | Lair:3   | Found a staircase to the Swamp.
 15182 | Lair:4   | Received a gift from Okawaru
 15224 | Lair:4   | Reached skill level 1 in Invocations
 15626 | Lair:4   | Found a staircase to the Snake Pit.
 15864 | Lair:4   | You fall into a shaft and drop 2 floors!
 15864 | Lair:6   | Entered Level 6 of the Lair of Beasts
 16207 | Lair:6   | Noticed Sonja
 16231 | Lair:6   | Reached skill level 5 in Invocations
 16239 | Lair:6   | Reached ****** piety under Okawaru
 16257 | Lair:6   | Reached skill level 5 in Dodging
 16457 | Lair:6   | Killed Sonja
 16570 | Lair:6   | Received a gift from Okawaru
 17466 | Lair:4   | Noticed Nessos
 17482 | Lair:4   | Killed Nessos
 17483 | Lair:4   | Reached XP level 14. HP: 82/126 MP: 12/18
 18006 | Lair:4   | HP: 4/126 [meliai/divine providence (12)]
 18007 | Lair:4   | Mangled by a meliai

Illustrated notes

Levels and vault maps discovered:
D:1:      erik_arrival_orb_chamber, layout_basic, corexii_hall_statues_s,
          interstate_on_off
D:2:      layout_basic, basic_altar
D:3:      layout_basic, uniq_natasha
D:4:      layout_basic
D:5:      layout_loops_corners, uniq_sigmund
D:6:      layout_loops_cross, minmay_temple_entry_steel_oval,
          gammafunk_ghost_smash, minmay_unpleasant_kobolds, uniq_edmund
D:7:      layout_loops_ring, overflow_temple_1_default,
          grunt_temple_overflow_cloverleaf
D:8:      kennysheep_six_static_rooms, layout_basic, minmay_sticks_and_stones
D:9:      layout_loops_corners, lair_entry_dummy, minivault_23
Temple:   nicolae_temple_x_marks_the_god
Lair:1:   layout_hall_layers, st_stairs_8, chequers_serial_rivers_large_a,
          beast_lair_carwin_8, grunt_megastairs_4, minmay_lair_oklob_chamber
Lair:2:   layout_regular_city, eino_small_chamber_without_monster, uniq_harold
Lair:3:   layout_gridlike, minmay_swamp_entry_reptiles, serial_bayou_shore_b
Lair:4:   wad_woods_minihive, layout_regular_city,
          minmay_snake_entry_guardpost_small, uniq_nessos
Lair:5:   layout_cave_pods, slime_altar_1
Lair:6:   gammafunk_lair_ancient_temple, layout_cave_pods, minivault_11,
          uniq_sonja

Skill      XL: |  1  2  3  4  5  6  7  8  9 10 11 12 13 14 |
---------------+-------------------------------------------+-----
Unarmed Combat | 3 4 5 6 8 10 11 13 14 16 | 16.7
Armour         | 1 2 4 6 7 8 9 |  9.1
Fighting       | 4 5 6 8 9 10 12 | 12.2
Dodging        | 6 7 |  7.0
Invocations    | 7 8 |  8.0
Stealth        | |  5.4

Action                   |  1- 3 |  4- 6 |  7- 9 | 10-12 | 13-15 || total
-------------------------+-------+-------+-------+-------+-------++-------
Melee: Unarmed           |    95 |   184 |   342 |   644 |   497 ||  1762
       Punch             |     1 |     5 |     8 |    38 |    32 ||    84
Throw: Dart              |       |     6 |       |       |       ||     6
Evoke: Wand              |       |     7 |     1 |     3 |    11 ||    22
  Use: Scroll            |     1 |       |     5 |     4 |     1 ||    11
       Potion            |     1 |       |       |       |       ||     1
 Stab: Sleeping          |     3 |     2 |     8 |       |       ||    13
       Distracted        |       |       |     1 |       |       ||     1
Armor: Leather armour    |     8 |       |       |       |       ||     8
       Ring mail         |    36 |    60 |    33 |       |       ||   129
       Crystal plate arm |       |       |   168 |   551 |   638 ||  1357
Dodge: Dodged            |    42 |    93 |   102 |   123 |   176 ||   536

Table legend: (Time is in decaauts)
 A = Elapsed time spent in this place.
 B = Non-inter-level travel time spent in this place.
 C = Inter-level travel time spent in this place.
 D = Time resting spent in this place.
 E = Time spent auto-exploring this place.
 F = Levels seen in this place.
 G = Mean time per level.
                   A        B        C        D        E       F      G
               +--------+--------+--------+--------+--------+-----+--------+
         Total |  17610 |  17061 |    549 |   2390 |  11514 |  16 | 1100.6 |
       Dungeon |  10042 |   9687 |    355 |   1339 |   6442 |   9 | 1115.8 |
        Temple |    171 |    164 |      7 |      0 |    163 |   1 |  171.0 |
          Lair |   7396 |   7209 |    187 |   1051 |   4908 |   6 | 1232.7 |
               +--------+--------+--------+--------+--------+-----+--------+

Top non-repeatable levels by time:
     D:9: 2145 daAuts
  Lair:1: 1734 daAuts
  Lair:4: 1666 daAuts
     D:7: 1446 daAuts
  Lair:2: 1436 daAuts
  Lair:3: 1233 daAuts
     D:3: 1177 daAuts
     D:8: 1135 daAuts
  Lair:6: 1083 daAuts
     D:5: 1032 daAuts
     D:1: 897 daAuts
     D:4: 885 daAuts
     D:6: 771 daAuts
     D:2: 550 daAuts
  Lair:5: 242 daAuts
